 Dungeon Crawl Stone Soup version 0.30-a0-159-g068b764562 (webtiles) character file.

Game seed: 14813139290110064627

197 freelancePsychic the Conjurer (level 5, -5/41 HPs)
             Began as a Demonspawn Reaver on Sept 27, 2022.
             Slain by an orc
             ... wielding a +0 flail
              (6 damage)
             ... on level 4 of the Dungeon.
             The game lasted 00:08:45 (4255 turns).

freelancePsychic the Conjurer (Demonspawn Reaver)   Turns: 4255, Time: 00:08:45

Health: -5/41      AC:  5    Str: 12    XL:     5   Next: 46%
Magic:  8/8        EV: 11    Int: 16    God:
Gold:   193        SH:  0    Dex: 12    Spells: 5/8 levels left

rFire   . . .      SeeInvis .    a - +0 spear
rCold   . . .      Faith    .    (no shield)
rNeg    . . .      Spirit   .    b - +0 leather armour
rPois   .          Reflect  .    n - +0 helmet
rElec   .          Harm     .    (no cloak)
rCorr   .          Rampage  .    o - +0 pair of gloves
Will    .....                    (no boots)
Stlth   +.........               (no amulet)
HPRegen 0.13/turn                (no ring)
MPRegen 0.11/turn                (no ring)

@: mighty, earthbound, flying
A: claws 1, ignite blood 1
a: no special abilities


You were on level 4 of the Dungeon.
You visited 1 branch of the dungeon, and saw 4 of its levels.

You collected 193 gold pieces.

Inventory:

Hand Weapons
 a - a +0 spear (weapon)
Armour
 b - a +0 leather armour (worn)
 n - a +0 helmet (worn)
 o - a +0 pair of gloves (worn)
Scrolls
 c - a scroll of poison {unknown}
 d - a scroll of magic mapping
 e - a scroll of fear {unknown}
 f - a scroll of immolation
 g - a scroll of teleportation {@r4}
 h - a scroll of amnesia {unknown}
 i - a scroll of blinking {unknown}
 l - 2 scrolls of vulnerability {unknown}
 q - a scroll of torment {unknown}
 r - a scroll of silence {unknown}
Potions
 j - 2 potions of mutation
 k - 2 potions of brilliance
 t - a potion of heal wounds {unknown}


   Skills:
 + Level 3.2 Fighting
 - Level 2.6 Polearms
 - Level 1.7 Dodging
 - Level 2.0 Spellcasting
 + Level 4.3 Conjurations
 + Level 2.0 Fire Magic
 + Level 2.1 Earth Magic


You had 5 spell levels left.
You knew the following spells:

 Your Spells              Type           Power      Damage    Failure   Level
a - Kiss of Death         Conj/Necr      32%        2d7       11%         1
b - Volcanic Tap          Conj/Fire/Erth 20%        3d9       13%         2

Your spell library contained the following spells:

 Spells                   Type           Power      Damage    Failure   Level
 Slow                     Hex            4%         N/A       26%         1
 Hailstorm                Conj/Ice       8%         3d4       32%         3
 Mephitic Cloud           Conj/Pois/Air  6%         N/A       41%         3
 Ignite Poison            Fire/Tmut/Pois 3%         N/A       52%         3
 Kindle Blastsparks       Fire/Tloc/Air  6%         2d10      52%         3
 Confusing Touch          Hex            1%         N/A       61%         3
 Vampiric Draining        Necr           1%         2d6       61%         3
 Freezing Cloud           Conj/Ice/Air   3%         6-21      99%         5


Dungeon Overview and Level Annotations

Branches:
Dungeon (4/15)
 Temple: D:4-7

Altars:
Ru
Sif Muna

Shops:
D:1 ?   D:2 [


Innate Abilities, Weirdness & Mutations

You have sharp fingernails.
Your demonic aura sometimes causes spilled blood to erupt in flames.


Message History

The orc wizard points at you and mumbles some strange words.
The puff of flame hits you!
* * * LOW HITPOINT WARNING * * *
The orc wizard reads a scroll.
Wisps of shadow swirl around the orc wizard.
Things that are here:
a +0 dagger; a +0 robe
Okay, then.
Press: ? - help, v - describe, . - travel
Here: a scorpion (summoned)
The floor.
Casting: Volcanic Tap (safe; 13% risk of failure)
Confirm with . or Enter, or press ? or * to list all spells.
Aiming: Volcanic Tap (safe; 13% risk of failure)
Press: ? - help, Dir - move target, f - orc wizard
Aim: an orc wizard, wielding a +0 dagger and wearing a +0 robe (64% to hit)
The spray of magma hits the orc wizard!
The orc wizard dies!
The scorpion dissolves into shadows!
The ball python dissolves into shadows!
The goblin dissolves into shadows!
You are fixed to the earth.
Reach: a) +0 spear
Press: ? - help, Dir - move target, f - orc
Aim: an orc, wielding a +0 dagger (about 38% to evade your +0 spear)
You reach to attack!
You hit the orc.
The orc is lightly wounded.
It was a potion of magic.
Magic courses through your body.
It was a potion of flight.
You feel very buoyant.
You fly up into the air.
The orc hits you but does no damage. The orc hits you with a +0 flail.
* * * LOW HITPOINT WARNING * * *
It was a potion of might.
You feel very mighty all of a sudden. The orc hits you but does no damage.
The orc barely misses you.
You closely miss the orc.
The orc is lightly wounded.
The orc hits you with a +0 dagger.
* * * LOW HITPOINT WARNING * * *
The orc hits you with a +0 flail.
You die...

..#.....# #...#
..#$...$ #...#
..###### # ##.##
#.........##.####..#
##...............##
.##.....#.##.### #
...# #.# .....##.##
####. #...@##......
#...oo{o)...#
+>.!.##.....# #....#
..... #....# ....
#....# ... #....# .#
#....# # #....#


You could see 3 orcs.

Vanquished Creatures
  Sigmund (D:3)
  A necrophage (D:4)
  An orc priest (D:3)
  An orc wizard (D:3)
  2 dart slugs (D:1)
  6 orcs
  8 endoplasms
  6 giant cockroaches
  10 goblins
  6 hobgoblins
  2 quokkas (D:1)
  2 ball pythons
  A bat (D:1)
  6 frilled lizards
  3 kobolds
  2 rats (D:1)
58 creatures vanquished.

Vanquished Creatures (others)
  An orc priest (D:4)
  Terence (D:3)
  2 orc wizards (D:4)
  Robin (D:3)
  4 adders
  A worm (D:3)
  3 orcs (D:3)
  2 ball pythons
  An endoplasm (D:2)
  A giant cockroach (D:2)
  2 goblins
  A kobold (D:2)
  A rat (D:2)
21 creatures vanquished.

Grand Total: 79 creatures vanquished

Notes
Turn   | Place    | Note
-------+----------+-------------------------------------------
     0 | D:1      | freelancePsychic the Demonspawn Reaver began the quest for
                  | the Orb.
     0 | D:1      | Reached XP level 1. HP: 16/16 MP: 3/3
   181 | D:1      | Found Uttu's Magic Scroll Shop.
   318 | D:1      | Discovered your monstrous ancestry.
   318 | D:1      | Gained mutation: You have sharp fingernails. [demonic
                  | ancestry]
   318 | D:1      | Reached XP level 2. HP: 22/22 MP: 5/5
   815 | D:1      | Found a faded altar of an unknown god.
  1041 | D:2      | Reached XP level 3. HP: 26/28 MP: 6/6
  1044 | D:2      | Learned a level 2 spell: Volcanic Tap
  1171 | D:2      | Found Saecoal's Armour Boutique.
  1517 | D:2      | Reached skill level 1 in Earth Magic
  1957 | D:3      | Noticed Terence
  1977 | D:3      | Killed Terence
  1978 | D:3      | Reached skill level 1 in Fire Magic
  2104 | D:3      | Noticed Robin
  2128 | D:3      | Killed Robin
  2261 | D:3      | Reached XP level 4. HP: 8/34 MP: 4/7
  2624 | D:3      | Found a sacrificial altar of Ru.
  3274 | D:3      | Noticed Sigmund
  3281 | D:3      | Killed Sigmund
  3282 | D:3      | Reached skill level 4 in Conjurations
  3282 | D:3      | Gained mutation: Your demonic aura sometimes causes spilled
                  | blood to erupt in flames. [demonic ancestry]
  3282 | D:3      | Reached XP level 5. HP: 32/41 MP: 4/8
  4161 | D:4      | Found a shimmering blue altar of Sif Muna.
  4253 | D:4      | HP: 1/41 [orc/+0 flail (5)]
  4255 | D:4      | Slain by an orc

Illustrated notes

Levels and vault maps discovered:
D:1:      mrwooster_arrival_statue_2, layout_rooms,
          shapermc_ecumenical_altar_hornbeckon, serial_shops, nicolae_shop_stone
D:2:      kennysheep_six_static_rooms, layout_basic, serial_shops, shop
D:3:      layout_basic, nicolae_overflow_crystal_walls, palyth_stone_intersect,
          kennysheep_flooded_box, minmay_misc_feat_x,
          wad_floor_pattern_untrapped, uniq_terence, uniq_robin, uniq_sigmund
D:4:      layout_basic, amcnicky_altar_gilded, mainiacjoe_overflow_catwalk,
          slow_altar_1, serial_curves, eino_curves_03, eino_curves_02,
          eino_curves_02, eino_curves_01, minmay_a_box_with_orc_wizards_in_it

Skill      XL: |  1  2  3  4  5 |
---------------+----------------+-----
Earth Magic    | 1 2 |  2.1
Fire Magic     | 1 2 |  2.0
Fighting       | 3 |  3.2
Conjurations   | 4 |  4.3
Polearms       | |  2.6
Dodging        | |  1.7
Spellcasting   | |  2.0

Action                   |  1- 3 |  4- 6 || total
-------------------------+-------+-------++-------
Melee: Spear             |   183 |    90 ||   273
       Punch             |     2 |       ||     2
 Cast: Volcanic Tap      |    18 |    14 ||    32
       Kiss of Death     |     1 |     1 ||     2
  Use: Potion            |     4 |     4 ||     8
       Scroll            |     1 |     4 ||     5
Armor: Leather armour    |    53 |    14 ||    67
Dodge: Dodged            |    95 |    36 ||   131

Table legend: (Time is in decaauts)
 A = Elapsed time spent in this place.
 B = Non-inter-level travel time spent in this place.
 C = Inter-level travel time spent in this place.
 D = Time resting spent in this place.
 E = Time spent auto-exploring this place.
 F = Levels seen in this place.
 G = Mean time per level.
                   A        B        C        D        E       F      G
               +--------+--------+--------+--------+--------+-----+--------+
         Total |   4253 |   4144 |    109 |      4 |   3537 |   4 | 1063.2 |
       Dungeon |   4253 |   4144 |    109 |      4 |   3537 |   4 | 1063.2 |
               +--------+--------+--------+--------+--------+-----+--------+

Top non-repeatable levels by time:
     D:3: 1953 daAuts
     D:2: 987 daAuts
     D:1: 936 daAuts
     D:4: 375 daAuts
